Map: Catalyst LE

Players

Neeb - Winner!

  • Race: Protoss Protoss
  • Spawn Location: 5:00

SpeCial

  • Race: Terran Terran
  • League: Master
  • Spawn Location: 11:00

Event: IEM Season 12 - PyeongChang

VOD

Have the link to the VOD?

Description

Time

  • Played on: Feb. 4, 2018, 5:41 p.m.
  • Length: 12:58

All games in this series

Show
View Real Time Build Order
Export as new Build Order

Neeb Protoss - Winner!

Build Orders: 1 Gate Expand, Oracle Opening, Phoenix Opening 

Get SALT Encoding   

  12  0:00  Probe  
  13  0:12  Probe  
  14  0:17  Pylon  
  14  0:25  Probe (Chrono Boost)  
  15  0:31  Assimilator  
  15  0:37  Probe (Chrono Boost)  
  16  0:45  Probe (Chrono Boost)  
  16  0:46  Gateway  
  17  0:51  Probe  
  18  1:03  Probe  
  19  1:15  Probe  
  20  1:23  Nexus  
  20  1:34  Cybernetics Core  
  20  1:37  Probe  
  21  1:43  Assimilator  
  21  1:49  Probe  
  21  1:51  Pylon  
  22  2:01  Probe (Chrono Boost)  
  23  2:08  Adept (Chrono Boost)  
  23  2:13  Probe (Chrono Boost)  
  26  2:18  Probe (Chrono Boost)  
  27  2:22  Stargate  
  27  2:27  Adept  
  27  2:29  Probe  
  28  2:41  Probe  
  29  2:45  Probe  
  30  2:53  Probe  
  30  2:57  Probe, Adept  
  34  3:03  Oracle (Chrono Boost)  
  34  3:05  Probe  
  35  3:09  Probe  
  39  3:13  Pylon  
  38  3:22  Probe  
  38  3:23  Warp Gate  
  38  3:24  Adept, Probe  
  42  3:34  Phoenix (Chrono Boost)  
  42  3:35  Probe  
  42  3:38  Probe  
  46  3:47  Probe  
  47  3:50  Probe, Phoenix  
  50  3:59  Probe  
  50  4:02  Probe  
  52  4:11  Probe  
  52  4:14  Probe  
  54  4:19  Pylon  
  54  4:23  Probe  
  54  4:35  Nexus  
  54  4:36  Pylon, Gateway x2  
  54  4:37  Probe x2  
  56  4:43  Phoenix  
  58  4:48  Assimilator  
  58  4:49  Probe  
  58  4:50  Assimilator  
  58  4:52  Probe  
  60  5:04  Probe  
  60  5:05  Twilight Council  
  61  5:08  Phoenix (Chrono Boost)  
  61  5:09  Probe, Forge  
  64  5:16  Probe  
  64  5:21  Probe, Pylon  
  66  5:28  Probe  
  67  5:29  Phoenix (Chrono Boost)  
  67  5:33  Probe, Charge  
  70  5:36  Gateway  
  70  5:38  Pylon, Gateway  
  70  5:40  Probe  
  71  5:46  Sentry x2  
  71  5:49  Protoss Ground Armor Level 1 (Chrono Boost), Gateway  
  75  6:01  Gateway  
  75  6:02  Gateway  
  75  6:06  Phoenix  
  75  6:08  Probe  
  75  6:10  Probe  
  75  6:11  Probe  
  80  6:22  Probe x2  
  80  6:23  Probe  
  80  6:25  Zealot x2  
  87  6:29  Zealot  
  87  6:31  Phoenix  
  91  6:34  Shield Battery  
  91  6:37  Photon Cannon  
  91  6:39  Pylon  
  91  6:48  Zealot x3  
  91  6:51  Zealot x2  
  101  6:54  Probe  
  101  6:58  Stalker  
  100  7:01  Probe  
  100  7:10  Zealot x4  
  101  7:29  Zealot x4  
  87  7:30  Probe  
  87  7:36  Probe  
  71  7:37  Probe  
  71  7:38  Phoenix  
  71  7:44  Probe (Chrono Boost)  
  75  7:49  Probe x2 (Chrono Boost)  
  75  7:50  Protoss Ground Armor Level 2 (Chrono Boost)  
  77  7:56  Templar Archives  
  80  7:59  Probe (Chrono Boost), Sentry x2  
  80  8:00  Probe x2 (Chrono Boost)  
  80  8:04  Probe (Chrono Boost)  
  80  8:05  Probe (Chrono Boost)  
  84  8:06  Probe  
  87  8:14  Robotics Facility  
  87  8:15  Probe (Chrono Boost)  
  87  8:16  Probe (Chrono Boost)  
  87  8:17  Forge  
  90  8:20  Probe (Chrono Boost)  
  84  8:27  Probe (Chrono Boost)  
  84  8:28  Probe (Chrono Boost)  
  87  8:35  Probe (Chrono Boost)  
  87  8:36  Probe x2 (Chrono Boost)  
  87  8:41  Probe  
  87  8:42  Probe  
  87  8:43  Probe  
  87  8:45  Zealot x5  
  100  8:51  Protoss Ground Weapons Level 1 (Chrono Boost)  
  100  8:53  Probe  
  100  8:55  Probe, Pylon  
  102  8:57  Pylon  
  102  9:01  Zealot x2  
  103  9:09  Probe x2  
  99  9:18  Blink  
  99  9:21  Observer  
  99  9:23  Zealot x2  
  104  9:27  Nexus  
  104  9:32  Stalker  
  104  9:33  Stalker x2  
  104  9:36  Pylon  
  106  9:45  Assimilator  
  106  9:47  Immortal (Chrono Boost), Assimilator  
  106  9:51  Protoss Ground Armor Level 3 (Chrono Boost)  
  110  9:53  High Templar  
  110  9:54  High Templar  
  110  9:56  Sentry  
  110  9:57  Zealot  
  110  9:58  Archon  
  118  10:06  Zealot x4  
  126  10:10  Probe x3  
  129  10:17  Pylon  
  129  10:19  Immortal  
  129  10:20  Pylon  
  133  10:25  Pylon  
  133  10:35  Protoss Ground Weapons Level 2 (Chrono Boost)  
  133  10:36  High Templar x2  
  133  10:37  Zealot  
  133  10:38  Zealot x2  
  133  10:40  Archon  
  143  10:45  Stalker x2  
  143  10:48  Stalker  
  137  11:07  Probe  
  130  11:11  Stalker  
  130  11:12  Zealot x3, Stalker x4  
  138  11:21  Probe  
  138  11:23  Probe  
  138  11:25  Probe  
  127  11:27  Probe  
  127  11:28  Warp Prism (Chrono Boost)  
  126  11:43  Zealot x8  
  134  11:54  Assimilator  
  134  11:58  Assimilator  
  134  12:01  Pylon  
  134  12:04  Sentry  
  134  12:05  Sentry x3, High Templar  
  134  12:06  High Templar x3  
  150  12:10  Archon x2  
  150  12:12  Nexus  
  150  12:14  Immortal  
  150  12:15  Pylon  
  154  12:20  Probe x2  
  156  12:23  Probe x2  
  158  12:35  Stalker x4  
  148  12:39  Probe  
  148  12:40  Probe  
  117  12:51  Stalker x4  
Show
View Real Time Build Order
Export as new Build Order

SpeCial Terran 

Build Orders: Reaper Expand, MMM Bio 

Get SALT Encoding   

  12  0:00  SCV  
  13  0:13  SCV  
  14  0:17  Supply Depot  
  14  0:25  SCV  
  15  0:39  SCV  
  15  0:41  Barracks  
  16  0:44  Refinery  
  16  0:51  SCV  
  17  1:03  SCV  
  18  1:15  SCV  
  19  1:28  Reaper  
  19  1:29  Orbital Command  
  20  1:42  Command Center  
  20  1:55  Supply Depot  
  20  1:56  SCV  
  20  2:00  Marine  
  22  2:10  SCV  
  22  2:12  Factory  
  23  2:18  Engineering Bay  
  23  2:21  Barracks Reactor  
  23  2:23  SCV  
  23  2:29  Refinery  
  24  2:35  SCV  
  24  2:48  SCV  
  25  2:56  Hellion  
  25  2:57  Starport  
  25  2:58  Marine x2  
  29  3:02  Orbital Command  
  29  3:06  SCV  
  29  3:09  Starport  
  30  3:16  Marine  
  30  3:19  Marine  
  31  3:21  SCV  
  31  3:23  Widow Mine  
  35  3:28  SCV  
  35  3:33  SCV  
  36  3:36  Marine  
  36  3:37  Marine  
  38  3:43  SCV  
  38  3:44  Supply Depot  
  38  3:45  SCV  
  40  3:49  Viking, Factory Tech Lab  
  40  3:55  Marine, Barracks  
  42  3:56  Marine  
  42  3:58  SCV x2  
  45  4:13  SCV x2  
  45  4:14  Supply Depot  
  45  4:16  Marine x2  
  48  4:19  Factory Tech Lab  
  48  4:25  SCV x2  
  50  4:33  Marine  
  50  4:34  Supply Depot, Marine  
  50  4:37  SCV  
  50  4:38  SCV  
  54  4:42  Siege Tank  
  57  4:49  SCV  
  57  4:50  SCV  
  57  4:51  Barracks  
  59  4:55  Marine x2  
  59  4:56  Supply Depot  
  59  4:59  Marine  
  62  5:00  Stimpack  
  62  5:01  SCV  
  62  5:06  SCV, Engineering Bay, Liberator  
  62  5:12  Refinery  
  62  5:13  SCV, Marine x2  
  65  5:17  Marine  
  65  5:18  Siege Tank  
  69  5:23  Supply Depot  
  72  5:29  SCV  
  72  5:30  SCV  
  72  5:32  Marine  
  72  5:33  Marine  
  72  5:34  Terran Infantry Weapons Level 1  
  72  5:35  Marine  
  77  5:42  SCV  
  78  5:44  Marine  
  78  5:45  Supply Depot  
  78  5:47  SCV  
  80  5:50  Siege Tank, Marine x2  
  80  5:52  Marine  
  86  6:06  Missile Turret  
  86  6:07  SCV x2, Marine  
  86  6:08  Marine x2  
  86  6:10  Starport Reactor, Marine  
  92  6:19  SCV x2  
  92  6:23  Missile Turret  
  92  6:25  Supply Depot  
  94  6:33  Factory Reactor  
  94  6:36  Command Center  
  94  6:46  Supply Depot, SCV x2, Marine x3  
  99  6:47  Marine  
  99  6:48  Supply Depot  
  99  6:49  Combat Shields  
  99  6:50  Medivac  
  102  6:55  Medivac  
  101  7:04  Marine x2  
  101  7:05  Marine  
  101  7:07  Missile Turret, Marine  
  103  7:09  Bunker  
  103  7:10  Bunker  
  103  7:13  Widow Mine x2  
  107  7:22  Marine x2  
  105  7:23  Marine  
  105  7:25  SCV, Marine  
  74  7:40  Marine x2  
  74  7:41  Marine, Terran Infantry Armor Level 1  
  74  7:42  Widow Mine x2  
  74  7:43  Marine  
  74  7:44  Medivac x2  
  74  7:45  SCV  
  74  7:46  SCV  
  74  7:48  Bunker  
  74  7:49  Orbital Command  
  77  7:57  Marine x2  
  79  7:58  Marine  
  79  8:05  Barracks x2, Refinery  
  79  8:08  Widow Mine x2  
  79  8:10  SCV x2  
  84  8:14  Marauder  
  84  8:15  Marine x2  
  84  8:17  Marauder  
  84  8:19  Medivac  
  88  8:29  Widow Mine x2  
  88  8:32  SCV x3  
  92  8:42  Marine x2, Marauder  
  92  8:43  Marauder  
  92  8:44  SCV  
  92  8:47  SCV  
  92  8:48  SCV  
  99  8:50  Widow Mine x2  
  103  8:56  SCV  
  103  8:58  Liberator x2  
  103  8:59  SCV  
  103  9:00  SCV  
  98  9:11  Marine x2  
  98  9:12  Barracks Reactor, Barracks Tech Lab  
  98  9:13  SCV x2, Marauder x2  
  98  9:14  SCV  
  98  9:15  Widow Mine x2  
  110  9:25  SCV, Armory  
  110  9:26  Engineering Bay  
  110  9:27  SCV  
  110  9:29  Marine x2  
  110  9:31  SCV  
  115  9:34  Marauder x2  
  115  9:36  Widow Mine x2  
  115  9:38  SCV  
  123  9:40  SCV, Liberator  
  123  9:41  Refinery, Liberator  
  123  9:43  Supply Depot, SCV, Refinery  
  125  9:46  Supply Depot  
  125  9:47  Marine x2  
  125  9:52  Missile Turret  
  127  9:54  Concussive Shells  
  133  10:04  Marine x3  
  133  10:05  Marine, Marauder x2  
  141  10:08  Marauder  
  141  10:11  Supply Depot  
  143  10:15  Ghost Academy  
  143  10:16  Terran Infantry Weapons Level 2  
  143  10:22  Marine x4  
  143  10:26  Terran Infantry Armor Level 2  
  147  10:33  Terran Ship Weapons Level 1, Marine x3  
  150  10:40  Widow Mine x2, Marine x3  
  157  10:45  Supply Depot  
  157  10:46  Supply Depot x2  
  157  10:47  Medivac x2  
  160  10:52  Supply Depot, Marine  
  160  10:54  Marauder  
  163  10:58  Marine x3  
  154  11:04  Marine, Marauder  
  154  11:11  Marine  
  149  11:12  Liberator x2  
  149  11:15  Marine x2  
  149  11:16  Marine, Marauder  
  153  11:20  Widow Mine  
  153  11:21  Widow Mine  
  153  11:22  Marauder  
  131  11:26  Marauder  
  131  11:29  Marine  
  140  11:33  Marine x2  
  140  11:34  Marine  
  140  11:36  Ghost  
  136  11:43  Ghost  
  136  11:46  Ghost  
  136  11:47  Marine  
  128  11:48  Widow Mine  
  128  11:51  Marine x2  
  128  11:54  Widow Mine  
  134  12:00  Command Center  
  134  12:01  Marine  
  134  12:04  Marine  
  134  12:05  Ghost  
  137  12:08  Barracks  
  137  12:10  Widow Mine, Barracks  
  137  12:11  Ghost  
  137  12:15  Widow Mine  
  143  12:16  Marauder  
  143  12:22  Marine  
  152  12:32  Widow Mine  
  152  12:34  Marauder  
  152  12:35  Marine  
  152  12:37  Marine  
  146  12:38  Marine  

Tags
 
Add a new tag
Caveats
  • Supply blocks, unpowered buildings, or Contaminate may cause inaccurate times.
  • Supply counts are checked every 10 seconds.